 Dungeon Crawl Stone Soup version 0.23-a0-619-g281719c (console) character file.

235 Duffy the Chopper (level 6, -20/56 HPs)
             Began as a Naga Fighter on Dec 22, 2018.
             Demolished by an ogre
             ... wielding a +0 giant club
              (22 damage)
             ... on level 5 of the Dungeon.
             The game lasted 00:02:05 (1568 turns).

Duffy the Chopper (Naga Fighter)                    Turns: 1568, Time: 00:02:06

Health: -20/56     AC:  5    Str: 20    XL:     6   Next: 5%
Magic:  6/6        EV:  6    Int:  9    God:
Gold:   81         SH:  9    Dex: 10    Spells: 5/5 levels left

rFire    . . .     SeeInvis +   a - +0 war axe
rCold    . . .     Gourm    +   c - +0 shield
rNeg     . . .     Faith    .   b - +0 scale mail
rPois    +         Spirit   .   (no helmet)
rElec    .         Reflect  .   (no cloak)
rCorr    .         Harm     .   (no gloves)
MR       .....                  (no barding)
Stlth    ..........             e - amulet of the gourmand
HPRegen  0.18/turn              (no ring)
MPRegen  0.10/turn              (no ring)

@: very slow
A: large, see invisible, deformed body, poison resistance, slowness 2, slow
metabolism 1, spit poison 1, AC +2
a: Spit Poison


You were on level 5 of the Dungeon.
You were very full.

You visited 1 branch of the dungeon, and saw 5 of its levels.

You collected 81 gold pieces.

Inventory:

Hand Weapons
 a - a +0 war axe (weapon)
Armour
 b - a +0 scale mail (worn)
 c - a +0 shield (worn)
Jewellery
 e - an amulet of the gourmand (around neck)
Wands
 n - a wand of enslavement (8)
Scrolls
 g - 2 scrolls of magic mapping {unknown}
 i - 2 scrolls of identify {unknown}
 j - a scroll of fog {unknown}
 k - a scroll of teleportation {unknown}
 l - 4 scrolls of remove curse {unknown}
Potions
 d - a potion of might
 h - 3 potions of curing {unknown}
 m - a potion of mutation {unknown}
Comestibles
 f - 6 rations


   Skills:
 - Level 3.0 Fighting
 + Level 4.5 Axes
 - Level 2.4 Armour
 + Level 4.2 Shields


You had 5 spell levels left.
You didn't know any spells.
Your spell library was empty.

Dungeon Overview and Level Annotations

Branches:
Dungeon (5/15)
 Temple: D:4-7

Altars:
Dithmenos


Innate Abilities, Weirdness & Mutations

You cannot wear boots.
Your serpentine skin is tough. (AC +2)
You have supernaturally acute eyesight. (SInv)
Armour fits poorly on your strangely shaped body.
Your system is resistant to poisons. (rPois)
You cover ground very slowly.
You have a slow metabolism.
You can spit poison.


Message History

The howler monkey hits you. You block the ogre's attack.
Your shield and scale mail prevent you from hitting the ogre.
The ogre is lightly wounded.
The howler monkey hoots and howls with incredible vigour!
The ogre hits you with a +0 giant club!
You hear an angry hiss. x2
You slash the ogre!
The ogre is heavily wounded.
You block the ogre's attack.
You slash the ogre!
The ogre is severely wounded.
You block the ogre's attack.
You barely miss the ogre.
The ogre is severely wounded.
You block the ogre's attack.
You barely miss the ogre.
The ogre is severely wounded.
The ogre hits you with a +0 giant club!!
You die...

..## #
..#### #.
.....# .
.....
#.#...
#.#..####.#
#.......>$#
#######..#
#)...@Oh.#
#.######<#
#.# #.# #.#
#.# #.# #.#
#.#


You could see an ogre and a howler monkey.

Vanquished Creatures
  A sky beast (D:4)
  A scorpion (D:4)
  4 gnolls
  An adder (D:3)
  A shadow imp (D:4)
  An ooze (D:3)
  A worm (D:5)
  A dart slug (D:2)
  A leopard gecko (D:3)
  An orc (D:3)
  4 bats
  4 giant cockroaches
  A goblin (D:3)
  A hobgoblin (D:3)
  5 jackals
  A quokka (D:3)
  A ball python (D:3)
  A frilled lizard (D:3)
  4 kobolds
  A quokka skeleton (D:4)
  2 rats (D:1)
38 creatures vanquished.

Notes
Turn   | Place    | Note
-------+----------+-------------------------------------------
     0 | D:1      | Duffy the Naga Fighter began the quest for the Orb.
     0 | D:1      | Reached XP level 1. HP: 21/21 MP: 1/1
   149 | D:1      | Reached XP level 2. HP: 28/28 MP: 2/2
   301 | D:2      | Reached XP level 3. HP: 16/34 MP: 3/3
   616 | D:3      | Reached XP level 4. HP: 6/42 MP: 4/4
  1184 | D:4      | Reached XP level 5. HP: 40/49 MP: 5/5
  1504 | D:4      | Found a shadowy altar of Dithmenos.
  1531 | D:5      | Entered Level 5 of the Dungeon
  1531 | D:5      | Noticed a sky beast
  1542 | D:4      | Killed a sky beast
  1542 | D:4      | Reached XP level 6. HP: 40/56 MP: 6/6
  1564 | D:5      | HP: 1/56 [ogre/+0 giant club (8)]
  1568 | D:5      | Demolished by an ogre

Vault maps used:
D:1:      beargit_arrival_greenhouse
D:2:      lemuel_blue_sif_altar, zin_statuary, uniq_jessica, uniq_natasha
D:4:      grunt_dithmenos_shadows, first_ration
D:5:      minmay_spotlight, vehumet_altar_wand_db, chequers_serial_rivers_marsh,
          chequers_serial_rivers_small_b, grunt_ministairs_1,
          kennysheep_cluttered_room, uniq_edmund, uniq_sigmund,
          uniq_blork_the_orc

Skill      XL: |  1  2  3  4  5 |
---------------+----------------+-----
Shields        | 3 4 |  4.2
Axes           | 3 4 |  4.5
Fighting       | |  3.0
Armour         | |  2.4

Action                   |  1- 3 |  4- 6 || total
-------------------------+-------+-------++-------
Melee: War axe           |    49 |    69 ||   118
 Abil: Spit Poison       |     5 |     9 ||    14
  Eat: Chunk             |    10 |     2 ||    12
Armor: Scale mail        |    22 |    34 ||    56
Dodge: Dodged            |    19 |    15 ||    34
Block: Shield            |    34 |    38 ||    72

Table legend:
 A = Non-vault XP
 B = Vault XP
 C = Vault XP percentage of total XP
 D = Non-vault monster count
 E = Vault monster count
 F = Vault count percentage of total count
                 A         B        C        D         E       F
            +---------+---------+-------+---------+---------+-------
      Total |     325 |      11 |   3.3 |      37 |       1 |   2.6
            +---------+---------+-------+---------+---------+-------
        D:1 |      12 |       0 |   0.0 |       8 |       0 |   0.0
        D:2 |      51 |       0 |   0.0 |       6 |       0 |   0.0
        D:3 |      62 |       0 |   0.0 |      17 |       0 |   0.0
        D:4 |     195 |      11 |   5.3 |       5 |       1 |  16.7
        D:5 |       5 |       0 |   0.0 |       1 |       0 |   0.0
            +---------+---------+-------+---------+---------+-------
